 Dungeon Crawl Stone Soup version 0.16-a0-3474-g346b3f3 (webtiles) character file.

115 Krotius the Insei (level 4, -4/35 HPs)
             Began as a Demonspawn Monk on Sept 7, 2015.
             Slain by an ice beast (12 damage)
             ... on level 3 of the Dungeon.
             The game lasted 00:13:28 (2676 turns).

Krotius the Insei (Demonspawn Monk)                 Turns: 2676, Time: 00:13:28

Health: -4/35      AC: 10    Str: 12    XL:     4   Next: 68%
Magic:  4/4        EV:  3    Int: 11    God:
Gold:   105        SH:  0    Dex: 16    Spells: 1 memorised, 1 level left

rFire  . . .     SeeInvis .       - Unarmed
rCold  . . .     Clarity  .     e - +0 plate armour
rNeg   . . .     SustAb   .     (no shield)
rPois  .         Gourm    .     (no helmet)
rElec  .         Spirit   .     (no cloak)
rCorr  .         Warding  .     (no gloves)
rMut   .         Stasis   .     (no boots)
MR     .....                    (no amulet)
Stlth  ..........               (no ring)
                                (no ring)

@: invisible, not resistant to hostile enchantments, extremely unstealthy
A: blink 1, powered by pain 2, spiny 1
a: Blink


You were on level 3 of the Dungeon.
You were completely stuffed.

You visited 1 branch of the dungeon, and saw 3 of its levels.

You collected 105 gold pieces.

Inventory:

Armour
 e - a +0 plate armour (worn)
 k - a +0 pair of boots
Scrolls
 a - a scroll of fear {unknown}
 c - a scroll of enchant armour {unknown}
 g - a scroll of fog {unknown}
 h - a scroll of blinking
 i - a scroll of random uselessness
Books
 b - a book of Hinderance

   Spells                             Type                      Level
   a - Confusing Touch                Hexes                        2
   b - Confuse                        Hexes                        3
   c - Petrify                        Transmutation/Earth          4
   d - Metabolic Englaciation         Hexes/Ice                    5
   e - Summon Mana Viper              Hexes/Summoning              5
   f - Gell's Gravitas                Hexes/Translocation          6
Comestibles
 j - 2 beef jerkies


   Skills:
 + Level 3.5 Fighting
 + Level 1.0 Armour
 + Level 3.6 Dodging
 + Level 1.8 Stealth
 + Level 4.4 Unarmed Combat
 + Level 0.2 Hexes


You had one spell level left.
You knew the following spells:

 Your Spells              Type           Power        Failure   Level  Hunger
a - Confusing Touch       Hex            #.....       100%        2    ###....


Dungeon Overview and Level Annotations

Branches:
Dungeon (3/15)

Altars:
Ashenzari


Innate Abilities, Weirdness & Mutations

You sometimes gain power by taking damage.
You are partially covered in sharp spines.
You can translocate small distances at will.


Message History

The giant newt bites you but does no damage.
You hit the giant newt.
You kill the giant newt!
You see here a giant newt corpse.
An ice beast comes into view.
The ice beast hits you but does no damage.
You hit the ice beast.
The ice beast is lightly wounded.
The ice beast hits you but does no damage.
The ice beast hits you. The ice beast freezes you!
You hit the ice beast.
The ice beast is heavily wounded.
The ice beast hits you. The ice beast freezes you!
* * * LOW HITPOINT WARNING * * *
Drink which item? (? for menu, Esc to quit)
You fade into invisibility!
The ice beast hits you.
* * * LOW HITPOINT WARNING * * *
The ice beast freezes you!
You die...

#####.#
####.##.# #.#
# #.# #.# #†#
#.# #.#
#.############
#...........@#
############Y#
#... #####


You could see an ice beast.

Vanquished Creatures
  A hound (D:3)
  3 adders
  2 worms (D:2)
  5 bats
  2 giant cockroaches
  6 goblins
  3 hobgoblins
  6 jackals
  2 ball pythons (D:1)
  A giant gecko (D:1)
  3 giant newts
  6 kobolds
  7 rats
47 creatures vanquished.

Notes
Turn   | Place    | Note
--------------------------------------------------------------
     0 | D:1      | Krotius, the Demonspawn Monk, began the quest for the Orb.
     0 | D:1      | Reached XP level 1. HP: 18/18 MP: 1/1
   197 | D:1      | Gained mutation: You are partially covered in sharp spines. [demonic ancestry]
   197 | D:1      | Reached XP level 2. HP: 16/24 MP: 2/2
  1242 | D:2      | Reached skill level 4 in Unarmed Combat
  1242 | D:2      | Gained mutation: You sometimes gain a little power by taking damage. [demonic ancestry]
  1242 | D:2      | Reached XP level 3. HP: 22/29 MP: 3/3
  1373 | D:2      | Gained mutation: You can translocate small distances at will. [potion of beneficial mutation]
  1652 | D:2      | Learned a level 2 spell: Confusing Touch
  1760 | D:2      | Gained mutation: You sometimes gain power by taking damage. [demonic ancestry]
  1760 | D:2      | Reached XP level 4. HP: 13/35 MP: 4/4
  2175 | D:3      | Found a shattered altar of Ashenzari.
  2316 | D:3      | Reached skill level 1 in Armour
  2672 | D:3      | Noticed an ice beast
  2676 | D:3      | Slain by an ice beast

Action                   |  1- 3 |  4- 6 || total
-------------------------+-------+-------++-------
Melee: Unarmed           |   149 |    36 ||   185
  Use: Potion            |     9 |     5 ||    14
       Scroll            |     8 |       ||     8
  Eat: Bread ration      |     1 |       ||     1
       Meat ration       |       |     2 ||     2
